 Dungeon Crawl Stone Soup version 0.28-a0-1087-gf3fc490d9d (webtiles) character file.

Game seed: 18050354582908502621

2987 avis the Grappler (level 9, -4/61 HPs)
             Began as an Octopode Transmuter on Dec 9, 2021.
             Was a Priest of Okawaru.
             Slain by a manticore (7 damage)
             ... on level 7 of the Dungeon on Dec 11, 2021.
             The game lasted 00:49:15 (9987 turns).

avis the Grappler (Octopode Transmuter)             Turns: 9987, Time: 00:49:15

Health: -4/61      AC:  2    Str: 13    XL:     9   Next: 83%
Magic:  10/14      EV: 20    Int: 16    God:    Okawaru [***...]
Gold:   249        SH:  0    Dex: 17    Spells: 7/15 levels left

rFire   . . .      SeeInvis .     - Unarmed
rCold   . . .      Faith    .   (shield currently unavailable)
rNeg    . . .      Spirit   .   (helmet currently unavailable)
rPois   x          Reflect  .   (no amulet)
rElec   .          Harm     .   (no ring)
rCorr   .          Rampage  .   (no ring)
Will    .....                   (no ring)
Stlth   ++........              (no ring)
HPRegen 0.20/turn               (no ring)
MPRegen 0.14/turn               (no ring)
                                (no ring)
                                (no ring)

@: spider-form (expiring)
A: venomous fangs, almost no armour, (amphibious), 8 rings, tiny, (camouflage
1), (gelatinous body 1), (nimble swimmer 1), (tentacles)
a: End Transformation, Renounce Religion, Heroism


You were on level 7 of the Dungeon.
You worshipped Okawaru.
Okawaru was most pleased with you.
You were a venomous arachnid creature.
You visited 2 branches of the dungeon, and saw 8 of its levels.

You collected 400 gold pieces.
You spent 151 gold pieces at shops.

Inventory:

Hand Weapons
 x - a +0 vorpal hand axe
 B - a +2 flail of protection
 G - a +2 whip of pain
Missiles
 b - 55 poisoned darts
 p - 3 boomerangs of dispersal
 s - 3 atropa-tipped darts
 t - 59 arrows
 w - 41 sling bullets
 y - 2 throwing nets
 A - 21 stones
 F - 5 javelins
 H - 3 boomerangs
Armour
 D - a scarf of harm
Jewellery
 e - a +6 ring of intelligence
 z - a ring of wizardry
Wands
 r - a wand of acid (11)
Scrolls
 a - 6 scrolls of identify
 c - 2 scrolls of enchant armour {unknown}
 d - a scroll of brand weapon {unknown}
 g - a scroll of blinking {unknown}
 i - a scroll of enchant weapon {unknown}
 j - a scroll of holy word {unknown}
 l - 2 scrolls of teleportation {unknown}
 m - 2 scrolls of fear {unknown}
 n - 2 scrolls of noise {unknown}
 o - 2 scrolls of fog {unknown}
 q - a scroll of magic mapping {unknown}
 u - 2 scrolls of vulnerability {unknown}
 v - a scroll of immolation {unknown}
Potions
 f - a potion of cancellation
 h - 2 potions of flight
 k - a potion of resistance
 C - a potion of curing
 E - a potion of berserk rage


   Skills:
 - Level 5.0 Fighting
 - Level 3.0 Dodging
 - Level 2.0 Stealth
 - Level 9.0 Unarmed Combat
 * Level 3.5 Spellcasting
 - Level 6.0 Transmutations
 - Level 4.0 Ice Magic
 - Level 2.0 Poison Magic
 - Level 3.0 Invocations


You had 7 spell levels left.
You knew the following spells:

 Your Spells              Type           Power      Damage    Failure   Level
a - Beastly Appendage     Tmut           44%        N/A       7%          1
p - Spider Form           Tmut/Pois      15%        N/A       26%         3
q - Ice Form              Ice/Tmut       18%        N/A       43%         4

Your spell library contained the following spells:

 Spells                   Type           Power      Damage    Failure   Level
 Wereblood                Tmut           22%        N/A       9%          2
 Magic Dart               Conj           8%         1d3       38%         1
 Shock                    Conj/Air       8%         1d3       38%         1
 Corpse Rot               Necr/Air       4%         N/A       47%         2
 Searing Ray              Conj           4%         2d4       47%         2
 Swiftness                Air            2%         N/A       69%         3
 Airstrike                Air            1%         N/A       96%         4
 Dispel Undead            Necr           2%         3d7       96%         4
 Fulminant Prism          Conj/Hex       1%         3d6       96%         4
 Death Channel            Necr           Unusable   N/A       N/A         6

Dungeon Overview and Level Annotations

Branches:
Dungeon (7/15)             Temple (1/1) D:4

Altars:
Ashenzari
Cheibriados
Elyvilon
Fedhas
Gozag
Hepliaklqana
Makhleb
Nemelex Xobeh
Okawaru
Qazlal
Ru
Sif Muna
Trog
Uskayaw
Vehumet
Wu Jian
Xom
Yredelemnul
Zin
The Shining One

Shops:
D:2 *


Innate Abilities, Weirdness & Mutations

You are a venomous arachnid creature.
You have poisonous fangs.
You are tiny and dextrous.
Your spellcasting is less reliable in this form.
Your armour is entirely melded.
You are incapable of wielding weapons or throwing items.
You cannot wear most types of armour.
((You are amphibious.))
You can wear up to eight rings at the same time.
((Your skin changes colour to match your surroundings (Stealth+).))
((Your rubbery body absorbs attacks. (AC +1, EV +1)))
((You are camouflaged near water. (Stealth+)))
((You have tentacles for arms and can constrict up to eight enemies at once.))


Message History

You hit the orc but do no damage.
The orc looks as sick as possible!
You bite the orc!
You kill the orc!
Okawaru accepts your kill.
The howler monkey hoots and howls with incredible vigour!
You hear an angry hiss.
You barely miss the orc wizard.
The howler monkey hoots and howls with incredible vigour!
The orc wizard closely misses you.
You hit the orc wizard.
The orc wizard is lightly wounded.
You hit the orc wizard but do no damage.
The orc wizard is lightly wounded.
The orc wizard completely misses you.
You hit the manticore.
The manticore is poisoned.
The manticore is lightly wounded.
Your transformation is almost over.
The orc wizard hits you with a +0 dagger.
You hit the manticore.
The manticore looks as sick as possible!
The manticore is lightly wounded.
The manticore bites you! The manticore claws you.
The manticore closely misses you.
The orc wizard mumbles some strange words.
The orc wizard flickers and vanishes!
Deactivating autopickup; reactivate with Ctrl-A.
You bite the manticore!
The manticore looks as sick as possible!
The manticore is heavily wounded.
The howler monkey hoots and howls with incredible vigour!
The manticore bites you. The manticore barely misses you.
The manticore misses you. Something hits you.
You barely miss something. The manticore misses you. The manticore claws you!
The manticore barely misses you. Something hits you but does no damage.
You hit something. The manticore completely misses you.
The manticore barely misses you. x2; Something hits you but does no damage.
You hit something. The manticore bites you!!
* * * LOW HITPOINT WARNING * * *
The manticore closely misses you. The manticore claws you!
You die...

# #. #.. ....#.. #...
...H..# #.... .....#:
.....h###### ....#..#.
.....o{sH..###.......#..
.......h####)..##.....#..#
.....................#..#.
..........#####...(......#..
........................#..#
#......................#..#.
....###..##..............#..
#....#................#.#..#
#....##.............#.....


You could see a manticore (extremely poisoned), 2 howler monkeys and an orc.

Vanquished Creatures
  A yak (D:6)
  Eustachio (D:4)
  Edmund (D:6)
  A black bear (D:5)
  2 sky beasts (D:5)
  A necrophage (D:6)
  3 ogres
  4 phantoms
  A centaur (D:6)
  A kobold brigand (D:6)
  2 bullfrogs
  3 scorpions
  A water moccasin skeleton (D:6)
  2 howler monkeys
  3 bullfrog zombies
  A centaur zombie (D:6)
  3 jellies
  3 gnoll shamans
  3 hounds
  A centaur skeleton (D:4)
  2 orc priests (D:4)
  3 bullfrog skeletons
  3 iguanas
  3 orc wizards
  A hound skeleton (D:5)
  11 adders
  13 gnolls
  A howler monkey skeleton (D:6)
  A white imp (D:6)
  An ufetubus (D:5)
  4 adder skeletons (D:4)
  3 worms
  2 dart slugs (D:1)
  25 orcs
  4 ball pythons
  5 bats
  6 endoplasms
  4 giant cockroaches
  3 goblins
  4 hobgoblins
  4 jackals (D:2)
  A quokka (D:2)
  2 frilled lizards
  10 kobolds
  4 rats
158 creatures vanquished.

Vanquished Creatures (others)
  4 plants
4 creatures vanquished.

Grand Total: 162 creatures vanquished

Notes
Turn   | Place    | Note
-------+----------+-------------------------------------------
     0 | D:1      | avis the Octopode Transmuter began the quest for the Orb.
     0 | D:1      | Reached XP level 1. HP: 13/13 MP: 3/3
    71 | D:1      | Reached XP level 2. HP: 13/18 MP: 3/5
   303 | D:1      | Found a faded altar of an unknown god.
   597 | D:1      | Reached skill level 4 in Unarmed Combat
   597 | D:1      | Reached skill level 1 in Stealth
   597 | D:1      | Reached XP level 3. HP: 21/23 MP: 6/6
   601 | D:1      | Learned a level 3 spell: Spider Form
   989 | D:2      | Reached skill level 1 in Poison Magic
  1747 | D:2      | Reached XP level 4. HP: 28/29 MP: 4/7
  2154 | D:2      | Found Piweum's Assorted Antiques.
  3088 | D:3      | Found an iron altar of Okawaru.
  3132 | D:3      | Became a worshipper of Warmaster Okawaru
  3419 | D:3      | Reached skill level 5 in Unarmed Combat
  3419 | D:3      | Reached XP level 5. HP: 29/34 MP: 5/8
  3470 | D:3      | Learned a level 4 spell: Ice Form
  4404 | D:4      | Noticed Eustachio
  4523 | D:4      | Killed Eustachio
  4523 | D:4      | Reached * piety under Okawaru
  4524 | D:4      | Reached skill level 1 in Invocations
  4524 | D:4      | Reached XP level 6. HP: 31/42 MP: 5/9
  4987 | D:4      | Reached skill level 6 in Unarmed Combat
  5078 | D:4      | Reached XP level 7. HP: 46/46 MP: 8/10
  5204 | D:4      | Found a white marble altar of Elyvilon.
  5519 | D:4      | Found a staircase to the Ecumenical Temple.
  5525 | Temple   | Entered the Ecumenical Temple
  5660 | D:2      | Bought a runed ruby ring for 85 gold pieces
  5660 | D:2      | Bought a scroll of identify for 34 gold pieces
  5660 | D:2      | Bought a glowing purple potion for 15 gold pieces
  5660 | D:2      | Bought a scroll labelled TOLEHU NAHOLI for 17 gold pieces
  6098 | D:5      | Entered Level 5 of the Dungeon
  6127 | D:5      | Reached skill level 7 in Unarmed Combat
  6321 | D:5      | Reached XP level 8. HP: 39/54 MP: 8/11
  6502 | D:5      | Reached ** piety under Okawaru
  7403 | D:5      | Reached skill level 8 in Unarmed Combat
  7610 | D:5      | Reached skill level 5 in Fighting
  7767 | D:5      | Upgraded the game from 0.28-a0-1080-g05a166d0ed to
                  | 0.28-a0-1087-gf3fc490d9d
  8428 | D:6      | Reached XP level 9. HP: 53/61 MP: 10/13
  8458 | D:6      | Reached skill level 5 in Transmutations
  8824 | D:6      | Found a blossoming altar of Fedhas.
  9067 | D:6      | Reached *** piety under Okawaru
  9068 | D:6      | Reached skill level 1 in Ice Magic
  9457 | D:6      | Noticed Edmund
  9481 | D:6      | Killed Edmund
  9739 | D:7      | Received a gift from Okawaru
  9752 | D:7      | Reached skill level 9 in Unarmed Combat
  9754 | D:7      | Found a snail-covered altar of Cheibriados.
  9895 | D:7      | Noticed a manticore
  9987 | D:7      | HP: 3/61 [manticore (24)]
  9987 | D:7      | Slain by a manticore

Illustrated notes

Levels and vault maps discovered:
D:1:      eino_arrival_cavern_a, layout_basic, chequers_ecumenical_altar_simple
D:2:      layout_basic, serial_shops, shop, minmay_shallow_snake_nest
D:3:      layout_basic, okawaru_gym_becter
D:4:      minmay_angry_zag, layout_basic, mainiacjoe_overflow_alcove_2,
          minmay_temple_entry_wispy, minivault_23, serial_bayou_pond_d,
          uniq_eustachio
D:5:      layout_loops_ring
D:6:      minmay_chambers_of_threes, layout_loops_ring,
          fedhas_bush_and_centaur_altar, serial_glass, glass_columns_b,
          glass_columns_c, uniq_edmund
D:7:      black_bear_nest_1, layout_rooms, general_overflow_altar,
          minmay_misc_feat_diagonals
Temple:   lightli_temple_of_artemis

Skill      XL: |  1  2  3  4  5  6  7  8  9 |
---------------+----------------------------+-----
Unarmed Combat | 4 5 6 7 8 9 |  9.0
Stealth        | 1 2 |  2.0
Poison Magic   | 1 2 |  2.0
Fighting       | 2 3 4 5 |  5.0
Invocations    | 1 2 3 |  3.0
Dodging        | 3 |  3.0
Transmutations | 4 6 |  6.0
Spellcasting   | 3 |  3.5
Ice Magic      | 4 |  4.0

Action                   |  1- 3 |  4- 6 |  7- 9 || total
-------------------------+-------+-------+-------++-------
Melee: Unarmed           |    62 |    97 |   302 ||   461
       Kick              |    11 |     3 |     6 ||    20
       Constrict         |    12 |     5 |    10 ||    27
       Tentacles         |     6 |     7 |     7 ||    20
       Punch             |       |     1 |     4 ||     5
 Cast: Beastly Appendage |     8 |    12 |     9 ||    29
       Spider Form       |     7 |    30 |    40 ||    77
Invok: Heroism           |       |       |     9 ||     9
  Use: Scroll            |       |       |     5 ||     5
 Stab: Sleeping          |     2 |     4 |     1 ||     7
Armor: Skin              |     2 |    11 |    11 ||    24
Dodge: Dodged            |    35 |    60 |   196 ||   291

Table legend: (Time is in decaauts)
 A = Elapsed time spent in this place.
 B = Non-inter-level travel time spent in this place.
 C = Inter-level travel time spent in this place.
 D = Time resting spent in this place.
 E = Time spent auto-exploring this place.
 F = Levels seen in this place.
 G = Mean time per level.
                   A        B        C        D        E       F      G
               +--------+--------+--------+--------+--------+-----+--------+
         Total |   9955 |   8875 |   1080 |   3211 |   3418 |   8 | 1244.4 |
       Dungeon |   9904 |   8825 |   1079 |   3211 |   3418 |   7 | 1414.9 |
        Temple |     50 |     49 |      1 |      0 |      0 |   1 |   50.0 |
               +--------+--------+--------+--------+--------+-----+--------+

Top non-repeatable levels by time:
     D:6: 1804 daAuts
     D:1: 1651 daAuts
     D:4: 1649 daAuts
     D:3: 1570 daAuts
     D:5: 1502 daAuts
     D:2: 1426 daAuts
     D:7: 300 daAuts
  Temple: 50 daAuts
